 Dungeon Crawl Stone Soup version 0.25-a0-1073-gf4359a17dd (webtiles) character file.

Game seed: 6023552033997619889, levelgen mode: deterministic

108 Esekla the Magician (level 4, -2/28 HPs)
             Began as an Octopode Wizard on May 14, 2020.
             Slain by a centaur skeleton (4 damage)
             ... on level 4 of the Dungeon.
             The game lasted 00:15:11 (1217 turns).

Esekla the Magician (Octopode Wizard)               Turns: 1217, Time: 00:15:12

Health: -2/28      AC:  1    Str:  6    XL:     4   Next: 87%
Magic:  0/10       EV: 13    Int: 20    God:
Gold:   36         SH:  0    Dex: 11    Spells: 2/11 levels left

rFire    . . .     SeeInvis .   j - +0 long sword
rCold    . . .     Gourm    .   (no shield)
rNeg     . . .     Faith    .   a - +0 hat
rPois    .         Spirit   .   (no amulet)
rElec    .         Reflect  .   g - ring of wizardry
rCorr    .         Harm     .   h - ring of wizardry
MR       .....                  (no ring)
Stlth    +++.......             (no ring)
HPRegen  0.09/turn              (no ring)
MPRegen  0.12/turn              (no ring)
                                (no ring)
                                (no ring)

@: lethally poisoned (-2 -> -3), hasted, very quick
A: almost no armour, stealthy swim, amphibious, 8 rings, constrict 8, camouflage
1, gelatinous body 1
a: no special abilities


You were on level 4 of the Dungeon.
You were not hungry.

You visited 1 branch of the dungeon, and saw 4 of its levels.

You collected 74 gold pieces.
You spent 38 gold pieces at shops.

Inventory:

Hand Weapons
 d - a +0 short sword
 j - a +0 long sword (weapon)
Armour
 a - a +0 hat (worn)
Jewellery
 g - a ring of wizardry (left tentacle)
 h - a ring of wizardry (right tentacle)
Scrolls
 b - 3 scrolls of immolation {unknown}
 e - 2 scrolls of identify {unknown}
 f - a scroll of enchant armour {unknown}
Potions
 k - a potion of might {unknown}
Comestibles
 c - 4 rations


   Skills:
 * Level 1.3 Fighting
 + Level 0.2(0.4) Short Blades
 + Level 0.5 Long Blades
 * Level 2.1 Dodging
 - Level 3.3 Stealth
 * Level 4.1 Spellcasting
 + Level 1.2 Conjurations
   Level 1.0 Summonings
 * Level 1.5 Translocations
 * Level 0.2 Air Magic
 * Level 0.4 Poison Magic


You had 2 spell levels left.
You knew the following spells:

 Your Spells              Type           Power        Failure   Level  Hunger
a - Magic Dart            Conj           #...         2%          1    None
b - Blink                 Tloc           N/A          2%          2    #......
c - Mephitic Cloud        Conj/Pois/Air  #.......     8%          3    ###....
f - Conjure Flame         Conj/Fire      #.......     9%          3    ###....

Your spell library contained the following spells:

 Spells                   Type           Power        Failure   Level  Hunger
 Call Imp                 Summ           #.......     3%          2    #......
 Slow                     Hex            #.......     5%          2    #......


Dungeon Overview and Level Annotations

Branches:
Dungeon (4/15)
 Temple: D:4-7

Altars:
The Shining One

Shops:
D:4 (


Innate Abilities, Weirdness & Mutations

You cannot wear most types of armour.
You are very stealthy in the water. (Stealth+)
You are amphibious.
You can wear up to eight rings at the same time.
You can use your tentacles to constrict eight enemies at once.
Your skin changes colour to match your surroundings (Stealth+).
Your rubbery body absorbs attacks. (AC +1, EV +1)


Message History

* * * LOW HITPOINT WARNING * * *
Casting: Magic Dart (safe; 2% risk of failure)
Confirm with . or Enter, or press ? or * to list all spells.
Aiming: Magic Dart (safe; 2% risk of failure)
Press: ? - help, Shift-Dir - straight line, f - centaur skeleton
Aim: a centaur skeleton (moderately damaged)
The magic dart hits the centaur skeleton.
The centaur skeleton is heavily damaged.
The centaur skeleton hits you but does no damage.
You hit the centaur skeleton.
The centaur skeleton is heavily damaged.
You feel sick. The centaur skeleton hits you.
* * * LOW HITPOINT WARNING * * *
The centaur skeleton closely misses you.
It was a potion of haste.
You feel yourself speed up.
The centaur skeleton completely misses you.
You riposte.
You hit the centaur skeleton. You squeeze the centaur skeleton.
The centaur skeleton is almost destroyed.
The centaur skeleton hits you.
You die...

#.# ##..#..## #.#
##.#.## #.# #.#.#
#o# #.#.# #.# #÷#.#
#.# #...# ..# #.
#.# #####'####
..##.
#.########.)......#
....
#.....∩(...###@####
...# #.##########
#Z# Z..# #.# #.#
... #.#
#.######.##.## #.#
#....Z.†.....# #.#
#..##########.# #.#
#######..# #.
...r.....#
).O?.###.#


You could see a centaur skeleton.

Vanquished Creatures
  A hound (D:4)
  Natasha (D:3)
  3 adders
  An ooze (D:1)
  A dart slug (D:2)
  3 orcs
  2 bats (D:1)
  A giant cockroach (D:2)
  2 goblins
  A quokka (D:2)
  2 frilled lizards (D:1)
  2 kobolds
  2 rats
22 creatures vanquished.

Notes
Turn   | Place    | Note
-------+----------+-------------------------------------------
     0 | D:1      | Esekla the Octopode Wizard began the quest for the Orb.
     0 | D:1      | Reached XP level 1. HP: 11/11 MP: 4/4
   277 | D:1      | Reached XP level 2. HP: 15/17 MP: 4/6
   360 | D:2      | Learned a level 2 spell: Blink
   624 | D:3      | Reached XP level 3. HP: 16/21 MP: 2/8
   860 | D:3      | Noticed Natasha
   874 | D:3      | Killed Natasha
   879 | D:3      | Learned a level 3 spell: Mephitic Cloud
   883 | D:3      | Learned a level 3 spell: Conjure Flame
  1012 | D:4      | Found Qeim Zont's Weapon Shop.
  1018 | D:4      | Bought a +0 long sword for 38 gold pieces
  1026 | D:4      | Reached XP level 4. HP: 25/27 MP: 9/9
  1029 | D:4      | Reached skill level 4 in Spellcasting
  1040 | D:4      | Noticed an ogre
  1064 | D:4      | Found a glowing golden altar of the Shining One.
  1211 | D:4      | Reached skill level 1 in Fighting
  1217 | D:4      | Slain by a centaur skeleton

Illustrated notes

Levels and vault maps discovered:
D:1:      giann_bridges, layout_rooms, minmay_misc_feat_diagonals,
          chequers_serial_rivers_micro_b
D:2:      layout_rooms, minmay_misc_feat_encased
D:3:      layout_basic, first_ration, st_stairs_14, minmay_shallow_snake_nest,
          uniq_natasha, uniq_jessica
D:4:      layout_loops_ring, nicolae_ru_awakened_eye,
          nicolae_tso_swordbearing_angel, serial_shops, shop

Skill      XL: |  1  2  3  4 |
---------------+-------------+-----
Stealth        | 3 |  3.3
Spellcasting   | 4 |  4.1
Fighting       | 1 |  1.3
Short Blades   | |  0.2
Long Blades    | |  0.5
Dodging        | |  2.1
Conjurations   | |  1.2
Summonings     | |  1.0
Translocations | |  1.5
Air Magic      | |  0.2
Poison Magic   | |  0.4

Action                   |  1- 3 |  4- 6 || total
-------------------------+-------+-------++-------
Melee: Short sword       |    31 |     1 ||    32
       Constrict         |     7 |     3 ||    10
       Tentacles         |     3 |     2 ||     5
       Long sword        |     2 |     9 ||    11
 Cast: Magic Dart        |    20 |    14 ||    34
       Conjure Flame     |       |     1 ||     1
  Use: Potion            |       |     1 ||     1
 Stab: Sleeping          |     1 |     1 ||     2
  Eat: Chunk             |       |     1 ||     1
Armor: Skin              |     8 |     1 ||     9
Dodge: Dodged            |    26 |    12 ||    38
       Rpst.: Long sword |     1 |     3 ||     4

Table legend:
 A = Non-vault XP
 B = Vault XP
 C = Vault XP percentage of total XP
 D = Non-vault monster count
 E = Vault monster count
 F = Vault count percentage of total count
                 A         B        C        D         E       F
            +---------+---------+-------+---------+---------+-------
      Total |     118 |      37 |  23.9 |      20 |       2 |   9.1
            +---------+---------+-------+---------+---------+-------
        D:1 |      14 |       0 |   0.0 |       7 |       0 |   0.0
        D:2 |      13 |       0 |   0.0 |       6 |       0 |   0.0
        D:3 |      16 |      37 |  69.8 |       2 |       2 |  50.0
        D:4 |      75 |       0 |   0.0 |       5 |       0 |   0.0
            +---------+---------+-------+---------+---------+-------
